 Dungeon Crawl Stone Soup version 0.15.0-25-gd84c1e8 (webtiles) character file.

3950 Kae the Conjurer (level 10, -2/50 HPs)
             Began as a Tengu Fire Elementalist on Sept 10, 2014.
             Was a Follower of Vehumet.
             Slain by a sheep (11 damage)
             ... on Level 7 of the Dungeon.
             The game lasted 00:22:29 (11512 turns).

Kae the Conjurer (Tengu Fire Elementalist)         Turns: 11512, Time: 00:22:29

HP  -2/50        AC  4     Str  8      XL: 10   Next: 21%
MP  18/25        EV 12     Int 21      God: Vehumet [*.....]
Gold 313         SH  0     Dex 15      Spells:  6 memorised,  4 levels left

rFire  . . .     SeeInvis .     u - +0 spear (freeze)
rCold  . . .     Clarity  .     a - +0 robe
rNeg   . . .     rCorr    .     (no shield)
rPois  .         rRot     .     (helmet restricted)
rElec  .         Spirit   .     (no cloak)
SustAb .         Warding  .     v - +1 pair of gloves
rMut   .         Stasis   .     (boots unavailable)
Gourm  .                        (no amulet)
MR     .....                    (no ring)
                                z - +2 ring of intelligence

@: not resistant to hostile enchantments, unstealthy
A: able to fly, beak, talons 3
a: Fly, Renounce Religion


You were on level 7 of the Dungeon.
You worshipped Vehumet.
Vehumet was aware of your devotion.
You were hungry.

You visited 2 branches of the dungeon, and saw 8 of its levels.
You also visited: Sewer.

You collected 313 gold pieces.

Inventory:

Hand weapons
 d - a +0 dagger
 g - a +0 spear
 u - a +0 spear of freezing (weapon)
Missiles
 s - 2 silver tomahawks
 D - 3 tomahawks of returning (quivered)
Armour
 a - a +0 robe (worn)
 v - a +1 pair of gloves (worn)
Magical devices
 n - a wand of slowing (0)
 w - a wand of draining (5)
 C - a wand of magic darts (6)
 E - a wand of magic darts (12)
 G - a wand of magic darts (0)
Comestibles
 c - 6 bread rations
 i - 4 meat rations
 j - 3 fruits
 o - a slice of pizza
 x - a beef jerky
 I - a rotting chunk of human flesh
Scrolls
 t - 6 scrolls of magic mapping
 y - 2 scrolls of identify
 A - 2 scrolls of remove curse
 B - 2 scrolls of enchant weapon {unknown}
 H - a scroll of blinking {unknown}
Jewellery
 z - a +2 ring of intelligence (left hand)
Potions
 e - 2 potions of heal wounds {unknown}
 f - 2 potions of flight {unknown}
 h - 3 potions of brilliance
 k - 2 potions of restore abilities
 m - 2 potions of might {unknown}
 p - 4 potions of curing {unknown}
 q - a potion of confusion {unknown}
 r - a potion of mutation {unknown}
 F - a potion of invisibility
Books
 b - a book of Flames

   Spells                             Type                      Level
   *Flame Tongue                      Conjuration/Fire             1
   *Throw Flame                       Conjuration/Fire             2
   *Conjure Flame                     Conjuration/Fire             3
   Inner Flame                        Hexes/Fire                   3
   *Sticky Flame                      Conjuration/Fire             4
   *Fireball                          Conjuration/Fire             5
 l - a book of Frost

   Spells                             Type                      Level
   Freeze                             Ice                          1
   *Throw Frost                       Conjuration/Ice              2
   Ozocubu's Armour                   Charms/Ice                   3
   Throw Icicle                       Conjuration/Ice              4
   Summon Ice Beast                   Ice/Summoning                4
   Condensation Shield                Ice                          4


   Skills:
 - Level 2.1 Dodging
 - Level 2.0 Stealth
 + Level 6.4 Spellcasting
 * Level 11.7 Conjurations
 * Level 10.3 Fire Magic


You had 4 spell levels left.
You knew the following spells:

 Your Spells              Type           Power        Failure   Level  Hunger
a - Flame Tongue          Conj/Fire      #####        1%          1    None
b - Throw Flame           Conj/Fire      ######       1%          2    None
c - Conjure Flame         Conj/Fire      ######..     1%          3    ##.....
d - Sticky Flame          Conj/Fire      ######..     1%          4    ###....
e - Fireball              Conj/Fire      ######....   2%          5    #####..
f - Throw Frost           Conj/Ice       ####..       1%          2    None


Dungeon Overview and Level Annotations

Branches:
Dungeon (7/15)             Temple (1/1) D:5

Altars:
Elyvilon
Makhleb
Vehumet
Yredelemnul
The Shining One

Shops:
D:7 [


Innate Abilities, Weirdness & Mutations

You can fly.
You have a beak for a mouth.
You have claws for feet.


Message History

You hit the yak. You freeze the yak. You claw the yak.
The yak is severely wounded.
The yak burns! x2
The yak barely misses you.
You hit the yak. You freeze the yak. Your kick misses the yak.
The yak is almost dead.
The yak burns!
The yak gores you!
* * * LOW HITPOINT WARNING * * *
You hit the yak. You freeze the yak.
You kill the yak!
Vehumet accepts your kill.
Casting: Sticky Flame
Confirm with . or Enter, or press ? or * to list all spells.
Aiming: Sticky Flame
Press: ? - help, Shift-Dir - straight line, f - sheep
Aim: a sheep The sticky flame hits the sheep.
The sheep is heavily wounded.
The sheep is covered in liquid flames!
The sheep burns!
The sheep bites you!
You die...

#...##..........#
.####.........
..####.....#######
#......... #.#
#.....#..#%/#
#......... #.#
#.....#..#.%#
#......... ..#
#.....#..'..#
#.######## ###
#.....#..#..# #. #.#
..# #.....#..#..#
#.###'### ..#
###########Y###..#....#
..# #.@.# #.#....# ..#
##########).## #......#
.### #.....)....##
##.....# .'.#
#.########.# #.....#
.#.# #.#######....#
.#.# #.###.........F..#
.#.# #................#
.#.# ####.............#
.#.### #..........F..#


You could see a sheep (burning).

Vanquished Creatures
  Prince Ribbit (D:7)
  2 yaks (D:7)
  Eustachio (D:7)
  A human (D:7)
  Edmund (D:5)
  Menkaure (D:6)
  An ice beast (D:6)
  A sky beast (D:5)
  3 phantoms
  An orc warrior (D:6)
  5 ogres
  Duvessa (D:6)
  A big kobold (Sewer)
  6 giant frogs
  2 gnoll sergeants (D:7)
  A troll zombie (D:7)
  2 crimson imps
  Dowan (D:6)
  3 jellies
  2 orc priests (D:6)
  A giant frog skeleton (D:4)
  3 hounds
  4 iguanas
  5 worker ants
  5 orc wizards
  Natasha (twice) (D:5)
  A sheep (D:7)
  2 orange rats (D:6)
  Ijyb (D:7)
  A big kobold zombie (D:5)
  9 gnolls
  8 green rats
  11 adders
  3 giant mites
  3 shadow imps
  A worm (D:3)
  An orc zombie (D:5)
  7 giant geckos
  7 orcs
  3 ball pythons
  19 bats
  3 giant cockroaches
  13 goblins
  6 hobgoblins
  9 jackals
  26 kobolds
  2 oozes (D:1)
  2 quokkas
  A giant gecko skeleton (D:4)
  11 giant newts
  A hobgoblin zombie (D:6)
  An orc skeleton (D:5)
  50 rats
  A rat zombie (D:5)
260 creatures vanquished.

Notes
Turn   | Place    | Note
--------------------------------------------------------------
     0 | D:1      | Kae, the Tengu Fire Elementalist, began the quest for the Orb.
     0 | D:1      | Reached XP level 1. HP: 10/10 MP: 3/3
   221 | D:1      | Reached XP level 2. HP: 15/15 MP: 6/6
   549 | D:1      | Reached XP level 3. HP: 19/19 MP: 7/7
  1188 | D:2      | Reached XP level 4. HP: 15/24 MP: 3/9
  1379 | D:2      | Reached skill level 4 in Fire Magic
  2189 | D:2      | Reached XP level 5. HP: 2/28 MP: 6/13
  2885 | D:2      | Learned a level 2 spell: Throw Flame
  2889 | D:2      | Learned a level 3 spell: Conjure Flame
  3585 | D:4      | Found a glowing drain.
  3668 | Sewer    | Entered a sewer
  3954 | Sewer    | Reached XP level 6. HP: 5/32 MP: 0/15
  3964 | Sewer    | Reached skill level 5 in Conjurations
  3964 | Sewer    | Reached skill level 5 in Fire Magic
  4248 | Sewer    | Found a white marble altar of Elyvilon.
  4676 | D:4      | Noticed an ogre
  4692 | D:4      | Killed an ogre
  4806 | D:4      | Reached XP level 7. HP: 36/36 MP: 12/17
  4817 | D:4      | Noticed a phantom
  4845 | D:4      | Killed a phantom
  4845 | D:4      | Reached skill level 6 in Conjurations
  5004 | D:4      | Noticed a phantom
  5024 | D:4      | Killed a phantom
  5332 | D:4      | Found a burning altar of Makhleb.
  5473 | D:4      | Noticed an ogre
  5484 | D:4      | Killed an ogre
  5573 | D:5      | Entered Level 5 of the Dungeon
  5607 | D:5      | Noticed Edmund
  5634 | D:5      | Killed Edmund
  5634 | D:5      | Reached skill level 7 in Conjurations
  5634 | D:5      | Reached XP level 8. HP: 36/41 MP: 10/20
  6090 | D:5      | Found a staircase to the Ecumenical Temple.
  6404 | D:5      | Reached skill level 8 in Conjurations
  6611 | D:5      | Learned a level 4 spell: Sticky Flame
  6617 | D:5      | Learned a level 5 spell: Fireball
  6655 | D:5      | Noticed Natasha
  7300 | D:5      | Reached skill level 9 in Conjurations
  7483 | D:5      | Killed Natasha
  7549 | D:5      | Noticed Natasha
  7551 | D:5      | Killed Natasha
  7600 | D:6      | Reached skill level 5 in Spellcasting
  7602 | D:6      | Noticed Duvessa
  7762 | D:6      | Noticed Menkaure
  7762 | D:6      | Reached XP level 9. HP: 45/45 MP: 17/22
  7765 | D:6      | Killed Menkaure
  7970 | D:6      | Noticed Dowan
  8599 | D:6      | Reached skill level 10 in Conjurations
  9126 | D:6      | Killed Dowan
  9166 | D:6      | Killed Duvessa
  9393 | Temple   | Entered the Ecumenical Temple
  9398 | Temple   | Became a worshipper of Vehumet
  9757 | D:7      | Noticed Ijyb
  9769 | D:7      | Killed Ijyb
 10040 | D:7      | Acquired Vehumet's first power
 10040 | D:7      | Offered knowledge of Shock by Vehumet.
 10174 | D:7      | Learned a level 2 spell: Throw Frost
 10694 | D:7      | Noticed Eustachio
 10749 | D:7      | Reached skill level 11 in Conjurations
 10812 | D:7      | Killed Eustachio
 10953 | D:7      | Found Frualule's Armour Emporium.
 11001 | D:7      | Reached XP level 10. HP: 50/50 MP: 19/25
 11007 | D:7      | Noticed Prince Ribbit
 11184 | D:7      | Killed Prince Ribbit
 11184 | D:7      | Reached skill level 10 in Fire Magic
 11512 | D:7      | Slain by a sheep

Action                   |  1- 3 |  4- 6 |  7- 9 | 10-12 || total
-------------------------+-------+-------+-------+-------++-------
Melee: Unarmed           |    12 |       |       |       ||    12
       Dagger            |    66 |    48 |       |       ||   114
       Spear             |       |    52 |   183 |    12 ||   247
Throw: Tomahawk          |       |     7 |     3 |       ||    10
 Cast: Flame Tongue      |    16 |    70 |   150 |    13 ||   249
       Throw Flame       |       |    28 |   138 |     8 ||   174
       Conjure Flame     |       |     2 |    12 |       ||    14
       Sticky Flame      |       |       |     9 |     5 ||    14
       Throw Frost       |       |       |       |     2 ||     2
 Abil: Fly               |       |     3 |     3 |       ||     6
Evoke: Wand              |       |       |     3 |       ||     3
  Use: Scroll            |       |    11 |     1 |     1 ||    13
       Potion            |       |     4 |     1 |       ||     5
 Stab: Sleeping          |     2 |     4 |     1 |       ||     7
       Distracted        |     1 |       |       |       ||     1
  Eat: Chunk             |     1 |    12 |    22 |     2 ||    37
       Pizza             |       |     1 |       |       ||     1
